AoeStats
← MZTK | GaboxNet .i.

Pilgrims

509580434Analyzed
4v4 RM · 5d ago on Sep 27, 2026· 47m 19s· 8 players
Game mode
Random Map
Map size
Large (8 player)
Population
200
Speed
Normal
Resources
Standard
Victory
Conquest
Starting age
Dark Age
Ending age
Imperial Age
RankedLock teamsTeams togetherTeam positionsShared explorationLock speedFull tech treeHidden civsTurbo modeCheats
Victory
Defeat
🇲🇽 Poles · Mexico
1178
+15
🇲🇽 Italians · Mexico
1161
+16
🇲🇽 Tatars · Mexico
1118
+18
🇲🇽 Varangians · Mexico
1113
+18
🇲🇽 Turks · Mexico
1178
-18
🇹🇷 Ethiopians · Türkiye
1173
-17
🇭🇰 Danes · Hong Kong SAR China
1172
-17
🇹🇼 Celts · Taiwan
1108
-15
MZTK | GaboxNet .i.
11:23 Feudal Age
12:07 Double-Bit Axe
15:27 Fishing Lines
18:56 Castle Age
20:15 Medium Warships
20:08 Gillnets
20:19 Fletching
21:00 Bodkin Arrow
22:11 Bow Saw
22:39 Loom
23:04 Gillnets
23:53 Wheelbarrow
27:59 Horse Collar
28:27 Padded Archer Armor
33:03 Imperial Age
31:52 Leather Archer Armor
33:07 Ballistics
34:22 Hand Cart
35:19 Bracer
35:50 Ring Archer Armor
35:45 Conscription
37:43 Elite Genoese Crossbowman
38:19 Town Watch
40:16 Chemistry
38:59 Light Cavalry
39:50 Bloodlines
39:40 Husbandry
40:56 Hussar
42:52 Coinage
44:38 Scale Barding Armor
44:44 Forging
46:21 Chain Barding Armor
47:06 Iron Casting
MZTK | KAAN EEK
6:43 Loom
12:25 Feudal Age
13:08 Double-Bit Axe
18:41 Town Watch
20:58 Fletching
27:15 Castle Age
33:40 Scale Mail Armor
33:50 Forging
36:18 Wheelbarrow
35:39 Arson
36:12 Chain Mail Armor
36:34 Iron Casting
38:47 Fishing Lines
39:57 Squires
42:48 Imperial Age
42:49 Capped Ram
43:23 Elite Varangian Guard
44:27 Gillnets
47:14 Siege Ram
_MZTK_SIRO_
7:25 Loom
15:25 Feudal Age
16:38 Double-Bit Axe
20:32 Castle Age
18:53 Gold Mining
20:40 Fletching
20:51 Padded Archer Armor
21:34 Bodkin Arrow
23:37 Stone Mining
25:34 Wheelbarrow
28:01 Town Watch
28:32 Hand Cart
39:19 Horse Collar
40:14 Bow Saw
44:42 Imperial Age
42:15 Town Patrol
44:29 Gold Shaft Mining
44:29 Ballistics
44:20 Masonry
46:00 Conscription
47:36 Leather Archer Armor
47:22 Bracer
MZTK | Puppet
SHADOW2727z
7:46 Loom
11:33 Feudal Age
12:40 Double-Bit Axe
15:53 Wheelbarrow
18:31 Castle Age
17:22 Stone Mining
19:57 Hand Cart
21:12 Horse Collar
22:18 Heavy Plow
27:50 Town Watch
28:26 Bow Saw
37:32 Imperial Age
39:38 Artillery
39:01 Elite Janissary
40:17 Gold Mining
40:40 Padded Archer Armor
43:32 Leather Archer Armor
44:17 Artillery
45:13 Conscription
46:31 Ring Archer Armor
火耗龜公
maximilian
4:18 Loom
12:19 Feudal Age
13:48 Double-Bit Axe
14:46 Gold Mining
18:04 Fishing Lines
17:55 Man-at-Arms
18:22 Arson
18:42 Scale Mail Armor
18:53 Forging
21:12 Horse Collar
27:50 Castle Age
27:15 Fletching
29:41 Heavy Plow
29:37 Elite Skirmisher
31:29 Bodkin Arrow
36:57 Padded Archer Armor
38:33 Bow Saw
40:22 Crossbowman
Futou Juhan
15:19 Feudal Age
16:21 Double-Bit Axe
16:30 Loom
19:34 Castle Age
17:32 Stone Mining
17:35 Gold Mining
17:38 Stone Mining
19:09 Horse Collar
20:56 Bow Saw
20:57 Man-at-Arms
23:41 Squires
27:01 Fletching
29:09 Fletching
30:14 Wheelbarrow
35:49 Imperial Age
33:49 Padded Archer Armor
33:52 Elite Skirmisher
34:32 Bodkin Arrow
34:53 Leather Archer Armor
36:13 Ballistics
37:26 Thumb Ring
38:23 Chemistry
37:39 Heavy Plow
38:33 Pikeman
38:40 Elite Varangian Guard
39:20 Pikeman
41:10 Halberdier
43:07 Bracer
43:17 Forging
47:32 Hand Cart
Connection lost

Rejoining the realm…

Still unreachable

The connection could not be restored.

Session expired

The server has moved on; the page needs a fresh start.